 Dungeon Crawl Stone Soup version 0.22-a0-3-g4fa69d9 (webtiles) character file.

371 shenanigans the Skirmisher (level 6, -1/49 HPs)
             Began as a Barachi Skald on Jan 1, 2018.
             Slain by an iguana (9 damage)
             ... on level 4 of the Dungeon.
             The game lasted 00:10:02 (4730 turns).

shenanigans the Skirmisher (Barachi Skald)          Turns: 4730, Time: 00:10:02

Health: -1/49      AC:  7    Str: 13    XL:     6   Next: 71%
Magic:  18/18      EV: 10    Int: 15    God:
Gold:   194        SH:  0    Dex: 11    Spells: 8/9 levels left

rFire    . . .     SeeInvis .   a - +0 hand axe
rCold    . . .     Gourm    .   (no shield)
rNeg     . . .     Faith    .   l - +0 scale mail
rPois    .         Spirit   .   (no helmet)
rElec    .         Reflect  .   (no cloak)
rCorr    .         Harm     .   (no gloves)
MR       .....                  (no boots)
Stlth    ..........             (no amulet)
HPRegen  0.16/turn              s - ring of magical power
MPRegen  0.16/turn              (no ring)

@: slow
A: +LOS, swims, slowness 1, strong legs 1
a: Hop


You were on level 4 of the Dungeon.
You were hungry.

You visited 1 branch of the dungeon, and saw 4 of its levels.

You collected 194 gold pieces.

Inventory:

Hand Weapons
 a - a +0 hand axe (weapon)
Missiles
 h - 6 tomahawks (quivered)
Armour
 b - a +0 leather armour
 l - a +0 scale mail (worn)
Jewellery
 s - a ring of magical power (left hand)
Wands
 o - a wand of disintegration (13)
 r - a wand of digging (8)
Scrolls
 e - 2 scrolls of amnesia {unknown}
 f - 3 scrolls of remove curse
 g - 2 scrolls of magic mapping {unknown}
 j - 2 scrolls of enchant weapon {unknown}
 k - 3 scrolls of teleportation {unknown}
 n - a scroll of fear {unknown}
 w - a scroll of immolation {unknown}
Potions
 i - a potion of ambrosia
 m - a potion of heal wounds
 p - 2 potions of agility
 q - 2 potions of flight
 t - 2 potions of lignification
 u - a potion of curing
 v - 2 potions of resistance {unknown}
Books
 c - a book of Battle

   Spells                             Type                      Level
   a - Infusion                       Charms                       1
   b - Shroud of Golubria             Charms/Translocation         2
   c - Song of Slaying                Charms                       2
   d - Spectral Weapon                Hexes/Charms                 3
   e - Regeneration                   Charms/Necromancy            3
Comestibles
 d - 10 rations


   Skills:
 + Level 4.6 Fighting
 + Level 4.1 Axes
 + Level 4.0 Armour
 + Level 4.2 Dodging
 - Level 2.1 Spellcasting
 - Level 3.2 Charms


You had 8 spell levels left.
You knew the following spells:

 Your Spells              Type           Power        Failure   Level  Hunger
a - Infusion              Chrm           ##..         24%         1    #......


Dungeon Overview and Level Annotations

Branches:
Dungeon (4/15)
 Temple: D:4-7

Altars:
Ashenzari
Ru
Vehumet
The Shining One

Annotations:
D:4 1 runed door


Innate Abilities, Weirdness & Mutations

Shadows flee at your approach. (+LOS)
You can swim through water.
You cover ground slowly.
You can hop short distances.


Message History

You closely miss the adder skeleton.
The adder skeleton is heavily damaged.
The adder skeleton barely misses you.
You slash the adder skeleton!
The adder skeleton is almost destroyed.
The adder skeleton barely misses you. The adder skeleton closely misses you.
You hit the adder skeleton.
You destroy the adder skeleton!
You feel sick.
You are no longer poisoned.
An orc comes into view. It is wielding an enchanted hand axe.
The iguana bites you!
You see here a howler monkey corpse.
You hit the iguana but do no damage. The iguana bites you!
* * * LOW HITPOINT WARNING * * *
You closely miss the iguana. The iguana bites you.
* * * LOW HITPOINT WARNING * * *
You hit the iguana but do no damage. The iguana misses you.
The iguana bites you!
You die...

#.# #.....##..#
##. #.#
#........## #.
#.# #.....####
#. #.####
######## ##
#.#..# .......
#.#..####.......
#.##.#.#........
#...#.#l†o.[....
####.#@#........
#..####.......
#..# .......
#### ######


You could see an iguana and an orc.

Vanquished Creatures
  A bullfrog (D:4)
  A howler monkey (D:4)
  Ijyb (D:3)
  8 gnolls
  5 adders
  An ooze (D:3)
  An adder skeleton (D:4)
  5 worms
  2 dart slugs
  7 leopard geckos
  4 orcs (D:4)
  7 giant cockroaches
  8 goblins
  5 hobgoblins
  10 jackals
  3 quokkas
  4 bats
  4 frilled lizards
  8 kobolds
  9 rats
94 creatures vanquished.

Notes
Turn   | Place    | Note
-------+----------+-------------------------------------------
     0 | D:1      | shenanigans the Barachi Skald began the quest for the Orb.
     0 | D:1      | Reached XP level 1. HP: 17/17 MP: 3/3
   257 | D:1      | Reached XP level 2. HP: 19/23 MP: 5/5
   767 | D:1      | Reached XP level 3. HP: 28/28 MP: 6/6
  1220 | D:2      | Found a shattered altar of Ashenzari.
  1933 | D:2      | Reached XP level 4. HP: 34/35 MP: 7/7
  1983 | D:2      | Found a faded altar of an unknown god.
  2677 | D:2      | Reached XP level 5. HP: 30/42 MP: 8/8
  2979 | D:2      | Found a sacrificial altar of Ru.
  3184 | D:3      | Noticed Ijyb
  3215 | D:3      | Killed Ijyb
  3573 | D:3      | Found a sacrificial altar of Ru.
  3889 | D:3      | Found a radiant altar of Vehumet.
  3909 | D:3      | Reached XP level 6. HP: 38/48 MP: 9/9
  4130 | D:4      | HP: 2/48 [bullfrog (6)]
  4495 | D:4      | Found a glowing golden altar of the Shining One.
  4553 | D:4      | Found a runed door.
  4730 | D:4      | Slain by an iguana

Vault maps used:
D:1:      kennysheep_arrival_seaside
D:2:      marbit_many_paths, overflow_temple_1_default,
          chequers_ecumenical_altar_island, minmay_misc_feat_room,
          minmay_octomino_e4
D:3:      minmay_wonky_spiral, vehumet_crystals, first_ration,
          nicolae_ru_awakened_eye, uniq_ijyb
D:4:      nicolae_tso_carved_into_rock, minmay_temple_entry_large_hall,
          corexii_item_surrounded_by_moat, wad_rectangle_vault,
          uniq_crazy_yiuf_cottage

Skill      XL: |  1  2  3  4  5  6 |
---------------+-------------------+-----
Armour         | 2 3 4 |  4.0
Fighting       | 3 4 |  4.6
Dodging        | 3 4 |  4.2
Axes           | 3 4 |  4.1
Spellcasting   | |  2.1
Charms         | |  3.2

Action                   |  1- 3 |  4- 6 || total
-------------------------+-------+-------++-------
Melee: Hand axe          |   171 |   337 ||   508
Throw: Tomahawk          |       |    27 ||    27
 Cast: Infusion          |     1 |     6 ||     7
 Abil: Hop               |     2 |     2 ||     4
  Use: Scroll            |       |     8 ||     8
  Eat: Chunk             |     3 |    11 ||    14
Armor: Leather armour    |    13 |       ||    13
       Scale mail        |    56 |   118 ||   174
Dodge: Dodged            |    98 |   194 ||   292

Table legend:
 A = Spawn XP
 B = Non-spawn XP
 C = Spawn XP percentage of total XP
 D = Spawn monster count
 E = Non-spawn monster count
 F = Spawn count percentage of total count
 G = Total turns spent on level
                    A         B        C        D         E        F      G
               +---------+---------+-------+---------+---------+-------+---------
         Total |       0 |     531 |   0.0 |       0 |      94 |   0.0 |  4730
               +---------+---------+-------+---------+---------+-------+---------
           D:1 |       0 |      69 |   0.0 |       0 |      28 |   0.0 |  1753
           D:2 |       0 |     138 |   0.0 |       0 |      28 |   0.0 |  1331
           D:3 |       0 |     123 |   0.0 |       0 |      22 |   0.0 |   977
           D:4 |       0 |     201 |   0.0 |       0 |      16 |   0.0 |   669
               +---------+---------+-------+---------+---------+-------+---------
